 Dungeon Crawl Stone Soup version 0.19-a0-1206-g6bcb79c (webtiles) character file.

1679 epen the Poker (level 9, -5/61 HPs)
             Began as a Merfolk Monk on Aug 21, 2016.
             Was a Priest of Hepliaklqana.
             Slain by an orc warrior
             ... wielding a +1 flail of crushing
              (18 damage)
             ... on level 6 of the Dungeon.
             The game lasted 00:11:53 (6337 turns).

epen the Poker (Merfolk Monk)                       Turns: 6337, Time: 00:11:54

Health: -5/61      AC:  8    Str: 14    XL:     9   Next: 2%
Magic:  13/13      EV: 13    Int: 10    God:    Hepliaklqana [***...]
Gold:   212        SH:  0    Dex: 16    Spells: 0 memorised, 8 levels left

rFire  . . .     SeeInvis .     k - +0 trident
rCold  . . .     Gourm    .     t - +1 scale mail
rNeg   . . .     Faith    .     (no shield)
rPois  .         Spirit   .     (no helmet)
rElec  .         Dismiss  .     (no cloak)
rCorr  .         Reflect  .     (no gloves)
MR     .....     Harm     .     (no boots)
Stlth  +.........               (no amulet)
                                (no ring)
                                (no ring)

@: no status effects
A: change form in water, swift swim
a: Recall Ancestor, Ancestor Identity, Transference, Renounce Religion


You were on level 6 of the Dungeon.
You worshipped Hepliaklqana.
Hepliaklqana was most pleased with you.
You were not hungry.

You visited 1 branch of the dungeon, and saw 6 of its levels.

You collected 212 gold pieces.

Inventory:

Hand Weapons
 a - a +1 spear
 k - a +0 trident (weapon)
 A - a +0 bardiche of venom
Armour
 b - a +0 robe
 o - a +0 ring mail
 t - a +1 scale mail (worn)
Jewellery
 F - an uncursed ring of fire
Scrolls
 f - 2 scrolls of identify
 i - a scroll of remove curse
 n - 2 scrolls of enchant armour
 y - 3 scrolls of teleportation
Potions
 d - 3 potions of curing
 e - a potion of brilliance {unknown}
 g - 4 potions of agility
 m - 2 potions of flight {unknown}
 p - a potion of cure mutation {unknown}
 r - a potion of heal wounds {unknown}
 s - 3 potions of haste {unknown}
 u - a potion of magic {unknown}
 v - a potion of invisibility {unknown}
 w - a potion of ambrosia {unknown}
 z - 2 potions of lignification {unknown}
 C - 2 potions of might {unknown}
 E - 4 potions of cancellation {unknown}
Comestibles
 c - 5 bread rations
 h - a slice of pizza
 j - 3 fruits
 l - a royal jelly
 q - a beef jerky


   Skills:
 + Level 5.5 Fighting
 + Level 7.8 Polearms
 * Level 4.6 Armour
 + Level 6.8 Dodging
 - Level 2.1 Stealth
 * Level 5.6 Invocations


You had 8 spell levels left.
You didn't know any spells.

Dungeon Overview and Level Annotations

Branches:
Dungeon (6/15)             Temple (0/1) D:4

Altars:
Ashenzari
Elyvilon
Fedhas
Hepliaklqana
Trog
Vehumet


Message History

Pepler drains the orc warrior!
Attack whom?
Press: ? - help, Dir - move target cursor, f/p - orc warrior
Aim: an orc warrior, wielding a flail of crushing and wearing a chain mail (severely wounded, lightly drained)
You barely miss the orc warrior.
The orc warrior is severely wounded.
The orc warrior misses you.
Pepler barely misses the orc warrior.
Attack whom?
Press: ? - help, Dir - move target cursor, f/p - orc warrior
Aim: an orc warrior, wielding a flail of crushing and wearing a chain mail (severely wounded, lightly drained)
You closely miss the orc warrior.
The orc warrior is severely wounded.
The orc warrior completely misses you.
Pepler barely misses the orc warrior.
Attack whom?
Press: ? - help, Dir - move target cursor, f/p - orc warrior
Aim: an orc warrior, wielding a flail of crushing and wearing a chain mail (severely wounded, lightly drained)
You barely miss the orc warrior.
The orc warrior is severely wounded.
The orc warrior hits you with a flail of crushing!!
You die...

.### ##.#..# ##
##.....#
#..###.# #.##
## #.# #.## ##
#..#### ==##
##.((R#.)?(#
####@o)!?.#
#.##..## ... ##
..... # .......
## .........
.##
#...........
..##
##.............
#..## #....


You could see the friendly Pepler the hexer and an orc warrior.

Vanquished Creatures
  An orc warrior (D:5)
  An ice beast (D:5)
  2 ogres
  A centaur (D:6)
  A giant frog (D:6)
  2 giant frog zombies (D:5)
  3 hounds
  An orc priest (D:4)
  A centaur skeleton (D:5)
  A jelly (D:5)
  2 orc wizards (D:4)
  An iguana (D:4)
  A worker ant zombie (D:5)
  A gnoll (D:5)
  6 adders
  An ooze (D:5)
  2 worms
  3 dart slugs
  6 giant geckos
  15 orcs
  4 bats
  2 giant cockroaches
  8 goblins
  7 hobgoblins
  4 jackals
  14 kobolds
  2 quokkas
  4 ball pythons
  A giant cockroach zombie (D:5)
  2 giant gecko skeletons (D:4)
  2 giant newts
  A jackal skeleton (D:6)
  A quokka skeleton (D:4)
  10 rats
114 creatures vanquished.

Vanquished Creatures (collateral kills)
  Edmund (D:4)
  An orc warrior (D:6)
  A phantom (D:5)
  An ogre (D:3)
  A hound (D:3)
  A quasit (D:4)
  A jelly (D:5)
  3 orc wizards
  Ijyb (D:3)
  A worker ant zombie (D:6)
  2 gnolls (D:5)
  A worm (D:3)
  10 orcs
  A ball python (D:4)
  A jackal (D:5)
  A quokka (D:5)
  A giant newt (D:5)
  A quokka zombie (D:5)
  2 rats (D:3)
32 creatures vanquished.

Vanquished Creatures (others)
  3 hexers
3 creatures vanquished.

Grand Total: 149 creatures vanquished

Notes
Turn   | Place    | Note
-------+----------+-------------------------------------------
     0 | D:1      | epen the Merfolk Monk began the quest for the Orb.
     0 | D:1      | Reached XP level 1. HP: 18/18 MP: 1/1
    76 | D:1      | Reached XP level 2. HP: 17/24 MP: 2/2
   213 | D:1      | Found a shattered altar of Ashenzari.
   289 | D:1      | Reached skill level 5 in Polearms
   425 | D:1      | Reached XP level 3. HP: 29/29 MP: 3/3
   854 | D:2      | Reached skill level 1 in Armour
  1016 | D:2      | Reached XP level 4. HP: 31/35 MP: 4/4
  1212 | D:2      | Found a white marble altar of Elyvilon.
  1843 | D:3      | Found a bloodstained altar of Trog.
  1871 | D:3      | Found a blossoming altar of Fedhas.
  1957 | D:3      | Found a hazy altar of Hepliaklqana.
  1997 | D:3      | Became a worshipper of Hepliaklqana
  1997 | D:3      | Reached * piety under Hepliaklqana
  1997 | D:3      | Reached ** piety under Hepliaklqana
  1998 | D:3      | Remembered your ancestor Pepler as a hexer
  2203 | D:3      | Noticed an ogre
  2414 | D:3      | Reached skill level 5 in Dodging
  2421 | D:3      | Reached XP level 5. HP: 34/37 MP: 5/5
  2574 | D:3      | Noticed Ijyb
  2589 | D:3      | Killed Ijyb
  2661 | D:3      | Reached skill level 1 in Invocations
  2779 | D:3      | Killed an ogre
  2779 | D:3      | Reached XP level 6. HP: 43/43 MP: 5/7
  3129 | D:4      | Reached skill level 6 in Polearms
  3301 | D:4      | Noticed Edmund
  3334 | D:4      | Killed Edmund
  3334 | D:4      | Reached XP level 7. HP: 40/49 MP: 7/9
  3426 | D:4      | Found a white marble altar of Elyvilon.
  3426 | D:4      | Found a radiant altar of Vehumet.
  3536 | D:4      | Reached *** piety under Hepliaklqana
  3547 | D:4      | Found a staircase to the Ecumenical Temple.
  4101 | D:4      | HI :D :D :D
  4101 | D:4      | x-----D
  4102 | D:5      | Entered Level 5 of the Dungeon
  4662 | D:5      | Reached XP level 8. HP: 41/54 MP: 9/11
  4838 | D:5      | Reached skill level 7 in Polearms
  5336 | D:5      | Reached skill level 5 in Fighting
  5433 | D:5      | Reached skill level 5 in Invocations
  5685 | D:5      | Identified a scroll of acquirement
  6328 | D:6      | Reached XP level 9. HP: 11/61 MP: 13/13
  6337 | D:6      | Slain by an orc warrior

Vault maps used:
D:1:      ncdulo_lavacross, ashenzari_altar_1
D:2:      first_bread, elyvilon_altar_1
D:3:      lemuel_crystal_altar, nicolae_overflow_crystal_walls, bloody_trog,
          uniq_iyjb
D:4:      amethyst_overflow_temple_binary, uniq_edmund
D:6:      minmay_joined_circles

Skill      XL: |  1  2  3  4  5  6  7  8 |
---------------+-------------------------+-----
Polearms       | 5 6 7 |  7.8
Armour         | 1 2 3 4 |  4.6
Dodging        | 5 6 |  6.8
Invocations    | 1 2 4 5 |  5.6
Fighting       | 4 5 |  5.5
Stealth        | |  2.1

Action                   |  1- 3 |  4- 6 |  7- 9 || total
-------------------------+-------+-------+-------++-------
Melee: Spear             |    97 |   314 |   180 ||   591
       Trident           |       |       |   147 ||   147
       Bardiche          |       |       |    13 ||    13
Invok: Ancestor Life: He |       |     1 |       ||     1
       Ancestor Identity |       |     1 |       ||     1
  Use: Scroll            |       |       |    12 ||    12
 Stab: Sleeping          |     6 |     3 |       ||     9
       Confused          |       |     7 |     3 ||    10
       Distracted        |       |     4 |     6 ||    10
  Eat: Chunk             |       |     8 |    10 ||    18
Armor: Robe              |     4 |     1 |       ||     5
       Ring mail         |       |    20 |       ||    20
       Scale mail        |       |    43 |    78 ||   121
Dodge: Dodged            |    49 |   123 |   117 ||   289
